 Dungeon Crawl Stone Soup version 0.30-a0-360-g447f08457e (webtiles) character file.

Game seed: 13404957113322863579

28 Pooter the Chopper (level 2, -2/27 HPs)
             Began as a Minotaur Berserker on Nov 13, 2022.
             Was a Believer of Trog.
             Succumbed to a goblin's poison
             ... on level 2 of the Dungeon.
             The game lasted 00:02:46 (736 turns).

Pooter the Chopper (Minotaur Berserker)              Turns: 736, Time: 00:02:47

Health: -2/27      AC:  2    Str: 21    XL:     2   Next: 96%
Magic:  1/1        EV: 26    Int:  4    God:    Trog [**....]
Gold:   65         SH:  2    Dex:  9    Spells: 1/1 levels left

rFire   . . .      SeeInvis .    a - +0 hand axe
rCold   . . .      Faith    .    c - +0 buckler
rNeg    . . .      Spirit   .    b - +0 animal skin
rPois   .          Reflect  .    (helmet restricted)
rElec   .          Harm     .    (no cloak)
rCorr   .          Rampage  .    (no gloves)
Will    .....                    (no boots)
Stlth   +.........               j - amulet of the acrobat
HPRegen 0.24/turn                (no ring)
MPRegen 0.07/turn                (no ring)

@: mighty, lethally poisoned (-2 -> -20), acrobatic
A: horns 2, retaliatory headbutt
a: Renounce Religion, Berserk, Trog's Hand


You were on level 2 of the Dungeon.
You worshipped Trog.
Trog was pleased with you.
You visited 1 branch of the dungeon, and saw 2 of its levels.

You collected 65 gold pieces.

Inventory:

Hand Weapons
 a - a +0 hand axe (weapon)
Missiles
 Q - 18 stones (quivered)
Armour
 b - a +0 animal skin (worn)
 c - a +0 buckler (worn)
   (You found it on level 1 of the Dungeon)
Jewellery
 j - an amulet of the acrobat (around neck)
   (You found it on level 1 of the Dungeon)
Scrolls
 d - a scroll of identify {unknown}
 e - a scroll of butterflies {unknown}
 g - a scroll of immolation {unknown}
 h - a scroll of enchant armour {unknown}
Potions
 f - a potion of might
 i - a potion of curing {unknown}
 k - a potion of brilliance {unknown}


   Skills:
 + Level 4.0 Fighting
 * Level 4.4 Axes
 - Level 2.4 Armour
 - Level 2.1 Dodging
 + Level 1.0 Stealth


You had one spell level left.
You didn't know any spells.
Your spell library was empty.

Dungeon Overview and Level Annotations

Branches:
Dungeon (2/15)

Altars:


Innate Abilities, Weirdness & Mutations

You have a pair of horns on your head.
You reflexively headbutt those who attack you in melee.


Message History

A bat comes into view.
You closely miss the kobold.
The endoplasm quivers.
You headbutt the kobold.
You kill the kobold!
Trog accepts your kill.
You barely miss the bat. Your headbutt misses the bat.
The bat hits you but does no damage.
You barely miss the goblin. The bat hits you.
The goblin hits you with a +2 dagger of venom.
You are poisoned.
You closely miss the bat. You closely miss the goblin.
You feel sick. The bat hits you but does no damage. The bat closely misses you.
The goblin barely misses you.
You hit the endoplasm. You hit the bat. You barely miss the goblin.
You feel sick. The bat closely misses you. You furiously retaliate!
You headbutt the bat!
You kill the bat!
Trog accepts your kill.
You can now call upon Trog for regeneration and willpower.
The endoplasm freezes you.
You are frozen.
The goblin barely misses you.
You hit the endoplasm. You closely miss the goblin.
You feel sick. The endoplasm closely misses you.
The goblin completely misses you.
You are too injured to fight recklessly!
You are too injured to fight recklessly!
Unknown command.
You slash the endoplasm!
You kill the endoplasm!
Trog accepts your kill.
You barely miss the goblin.
You feel sick.
The goblin hits you with a +2 dagger of venom.
You are more poisoned.
The goblin hits you with a +2 dagger of venom.
* * * LOW HITPOINT WARNING * * *
Your Stealth skill increases to level 1!
You hit the goblin.
* * * LOW HITPOINT WARNING * * *
You feel very sick.
The goblin hits you with a +2 dagger of venom.
* * * LOW HITPOINT WARNING * * *
You are more poisoned.
It was a potion of might.
You feel very mighty all of a sudden.
* * * LOW HITPOINT WARNING * * *
You feel very sick. The goblin misses you. You furiously retaliate!
You headbutt the goblin!
You kill the goblin!
Trog accepts your kill.
You die...

## #######.###.#
#......#....#
#.#####.#######.. #.#
#..†....... #.#
#.)@....#. #.#
#......(#
#.#####.)........
#....##.......##.
########.##.......#
#........##.........
#.#####..###########.
#.#####..# #.#......#


There were no monsters in sight!

Vanquished Creatures
  A dart slug (D:2)
  3 ball pythons (D:1)
  2 bats
  An endoplasm (D:2)
  4 giant cockroaches (D:1)
  3 goblins
  2 jackals (D:1)
  4 frilled lizards
  A kobold (D:2)
  3 rats
24 creatures vanquished.

Notes
Turn   | Place    | Note
-------+----------+-------------------------------------------
     0 | D:1      | Pooter the Minotaur Berserker began the quest for the Orb.
     0 | D:1      | Reached XP level 1. HP: 19/19 MP: 0/0
   259 | D:1      | Reached XP level 2. HP: 24/27 MP: 1/1
   731 | D:2      | Reached ** piety under Trog
   734 | D:2      | Reached skill level 1 in Stealth
   736 | D:2      | Succumbed to a goblin's poison

Illustrated notes

Levels and vault maps discovered:
D:1:      minmay_arrival_radiant_lines, layout_loops_ring,
          minmay_misc_feat_tower
D:2:      cheibrodos_greedy_goblins, layout_loops_cross,
          hellmonk_ecumenical_altar_run_dry, uniq_jessica

Skill      XL: |  1  2 |
---------------+-------+-----
Axes           | 4 |  4.4
Fighting       | 4 |  4.0
Stealth        | 1 |  1.0
Armour         | |  2.4
Dodging        | |  2.1

Action                   || total
-------------------------++-------
Melee: Hand axe          ||    45
       Headbutt          ||     7
  Use: Potion            ||     1
 Stab: Sleeping          ||     1
Armor: Animal skin       ||    10
Dodge: Dodged            ||    38
Block: Buckler           ||     5

Table legend: (Time is in decaauts)
 A = Elapsed time spent in this place.
 B = Non-inter-level travel time spent in this place.
 C = Inter-level travel time spent in this place.
 D = Time resting spent in this place.
 E = Time spent auto-exploring this place.
 F = Levels seen in this place.
 G = Mean time per level.
                   A        B        C        D        E       F      G
               +--------+--------+--------+--------+--------+-----+--------+
         Total |    742 |    711 |     31 |      0 |    563 |   2 |  371.0 |
       Dungeon |    742 |    711 |     31 |      0 |    563 |   2 |  371.0 |
               +--------+--------+--------+--------+--------+-----+--------+

Top non-repeatable levels by time:
     D:1: 689 daAuts
     D:2: 52 daAuts
